Map: Echo LE (Void)

Players

SkonerJR

  • Race: Protoss Protoss

AgCl - Winner!

  • Race: Protoss Protoss

VOD

Have the link to the VOD?

Description

Time

  • Played on: May 3, 2015, 6:06 a.m.
  • Length: 7:01
Show
View Real Time Build Order
Export as new Build Order

SkonerJR Protoss 

Build Orders: Blink Stalkers 

Get SALT Encoding   

  12  0:09  Pylon  
  12  0:12  Probe  
  13  0:24  Probe (Chrono Boost)  
  15  0:36  Gateway, Probe (Chrono Boost)  
  15  0:44  Probe (Chrono Boost)  
  15  0:48  Gateway  
  16  0:54  Probe (Chrono Boost)  
  17  1:06  Probe (Chrono Boost)  
  18  1:14  Assimilator  
  18  1:15  Pylon, Assimilator  
  18  1:17  Probe (Chrono Boost)  
  19  1:25  Cybernetics Core  
  19  1:29  Pylon  
  19  1:32  Probe  
  20  1:44  Probe  
  21  1:56  Probe  
  22  2:03  Adept (Chrono Boost)  
  22  2:04  Adept (Chrono Boost)  
  26  2:12  Warp Gate  
  26  2:14  Probe  
  27  2:19  Pylon  
  27  2:22  Pylon  
  27  2:31  Adept  
  27  2:37  Adept  
  31  2:43  Twilight Council  
  29  3:22  Blink (Chrono Boost)  
  29  3:27  Probe (Chrono Boost)  
  30  3:37  Gateway x2, Probe (Chrono Boost)  
  31  3:45  Mothership Core  
  33  3:50  Pylon  
  33  4:05  Pylon  
  28  4:15  Pylon  
  22  4:31  Probe (Chrono Boost)  
  23  4:41  Probe (Chrono Boost)  
  24  4:48  Probe  
  21  5:01  Probe (Chrono Boost)  
  22  5:12  Stalker  
  22  5:13  Probe (Chrono Boost)  
  25  5:15  Stalker  
  25  5:20  Probe (Chrono Boost)  
  26  5:30  Probe  
  27  5:38  Stalker  
  27  5:39  Stalker  
  31  5:49  Stalker  
  28  5:50  Probe  
  28  6:03  Probe  
  27  6:17  Stalker  
  29  6:20  Stalker, Pylon  
  31  6:31  Probe  
  32  6:33  Stalker  
Show
View Real Time Build Order
Export as new Build Order

AgCl Protoss - Winner!

Build Orders: Oracle Opening, Oracle Opening 

Get SALT Encoding   

  12  0:06  Probe  
  13  0:18  Probe  
  14  0:25  Pylon  
  14  0:44  Gateway  
  14  0:45  Probe  
  15  0:50  Assimilator  
  15  0:57  Probe  
  16  1:05  Assimilator  
  16  1:09  Probe (Chrono Boost)  
  17  1:11  Pylon  
  17  1:21  Probe (Chrono Boost)  
  18  1:28  Probe (Chrono Boost)  
  18  1:31  Zealot (Chrono Boost)  
  21  1:37  Cybernetics Core  
  21  1:38  Probe (Chrono Boost)  
  22  1:50  Probe (Chrono Boost)  
  23  1:57  Probe (Chrono Boost)  
  24  2:07  Probe  
  25  2:19  Probe (Chrono Boost), Stargate  
  26  2:27  Warp Gate  
  28  2:32  Mothership Core (Chrono Boost)  
  28  2:35  Pylon  
  28  2:56  Probe  
  29  3:02  Oracle (Chrono Boost)  
  29  3:08  Probe  
  24  3:24  Probe (Chrono Boost)  
  25  3:36  Probe (Chrono Boost)  
  25  3:39  Nexus  
  25  3:41  Void Ray (Chrono Boost)  
  26  3:45  Probe (Chrono Boost)  
  31  3:53  Probe  
  32  4:05  Probe  
  29  4:17  Probe  
  24  4:29  Probe (Chrono Boost)  
  25  4:38  Void Ray  
  25  4:42  Probe (Chrono Boost)  
  30  4:49  Probe (Chrono Boost)  
  30  5:05  Probe (Chrono Boost)  
  30  5:06  Probe (Chrono Boost)  
  31  5:12  Probe x2 (Chrono Boost)  
  33  5:22  Gateway  
  33  5:24  Probe (Chrono Boost)  
  33  5:25  Probe (Chrono Boost)  
  35  5:33  Void Ray (Chrono Boost)  
  40  5:36  Probe (Chrono Boost)  
  40  5:40  Probe (Chrono Boost)  
  42  5:43  Probe (Chrono Boost)  
  43  5:51  Probe (Chrono Boost)  
  43  5:54  Probe (Chrono Boost)  
  42  6:05  Probe (Chrono Boost)  
  42  6:06  Void Ray (Chrono Boost)  
  44  6:13  Probe  
  44  6:14  Probe  
  44  6:15  Assimilator  
  46  6:20  Pylon  
  46  6:25  Probe (Chrono Boost)  
  47  6:28  Probe (Chrono Boost)  
  47  6:29  Assimilator  
  48  6:37  Probe (Chrono Boost)  
  51  6:44  Mothership Core (Chrono Boost)  
  51  6:48  Probe (Chrono Boost)  
  51  6:51  Stalker x2  
Tags
 
Add a new tag
Caveats
  • Supply blocks, unpowered buildings, or Contaminate may cause inaccurate times.
  • Supply counts are checked every 10 seconds.